 Dungeon Crawl Stone Soup version 0.30-a0-737-gf23d94013f (webtiles) character file.

Game seed: 13103912215695604077

81 Atelerd the Digger (level 4, -1/27 HPs)
             Began as an Octopode Earth Elementalist on Feb 2, 2023.
             Killed from afar by an orc wizard (5 damage)
             ... with a puff of flame
             ... on level 3 of the Dungeon.
             The game lasted 00:01:06 (2014 turns).

Atelerd the Digger (Octopode Earth Elementalist)    Turns: 2014, Time: 00:01:07

Health: -1/27      AC:  1    Str:  7    XL:     4   Next: 40%
Magic:  2/8        EV: 13    Int: 19    God:
Gold:   107        SH:  0    Dex: 12    Spells: 7/8 levels left

rFire   . . .      SeeInvis .    f - +0 dagger (venom)
rCold   . . .      Faith    .    (no shield)
rNeg    . . .      Spirit   .    (helmet restricted)
rPois   .          Reflect  .    (no amulet)
rElec   .          Harm     .    (no ring)
rCorr   .          Rampage  .    (no ring)
Will    .....                    (no ring)
Stlth   +++                      (no ring)
HPRegen 0.24/turn                (no ring)
MPRegen 0.11/turn                (no ring)
                                 (no ring)
                                 (no ring)

@: very slightly contaminated
A: almost no armour, amphibious, 8 rings, camouflage 1, gelatinous body 1,
(nimble swimmer 1), tentacles
a: no special abilities


You were on level 3 of the Dungeon.
You visited 1 branch of the dungeon, and saw 3 of its levels.

You collected 107 gold pieces.

Inventory:

Hand Weapons
 e - a +0 short sword
 f - a +0 dagger of venom (weapon)
Scrolls
 d - a scroll of torment {unknown}
 g - 6 scrolls of identify {unknown}
 k - a scroll of teleportation {unknown}
 l - 4 scrolls of brand weapon {unknown}
Potions
 a - a potion of magic
 b - 2 potions of berserk rage {unknown}
 c - a potion of curing {unknown}
 h - 3 potions of degeneration {unknown}
 i - a potion of attraction {unknown}
 j - a potion of mutation {unknown}
 m - a potion of flight {unknown}
 n - a potion of heal wounds {unknown}


   Skills:
 - Level 2.0 Dodging
 - Level 2.6 Stealth
 + Level 2.9 Spellcasting
 + Level 2.4 Transmutations
 + Level 3.8 Earth Magic


You had 7 spell levels left.
You knew the following spells:

 Your Spells              Type           Power      Damage    Failure   Level
a - Sandblast             Erth           34%        2d9       3%          1

Your spell library contained the following spells:

 Spells                   Type           Power      Damage    Failure   Level
 Passwall                 Tmut/Erth      11%        N/A       6%          2
 Sting                    Tmut/Pois      28%        1d4       10%         1
 Freeze                   Ice            8%         1d3       16%         1
 Stone Arrow              Conj/Erth      18%        3d8       22%         3
 Poisonous Vapours        Pois/Air       4%         N/A       24%         2
 Petrify                  Tmut/Erth      14%        N/A       38%         4
 Frozen Ramparts          Ice            4%         1d1       43%         3
 Hailstorm                Conj/Ice       2%         3d3       43%         3
 Olgreb's Toxic Radiance  Pois           2%         N/A       83%         4


Dungeon Overview and Level Annotations

Branches:
Dungeon (3/15)

Altars:


Innate Abilities, Weirdness & Mutations

You cannot wear most types of armour.
You are amphibious.
You can wear up to eight rings at the same time.
Your skin changes colour to match your surroundings (Stealth+).
Your rubbery body absorbs attacks. (AC +1, EV +1)
((You are camouflaged when in or above water. (Stealth+)))
You have tentacles for arms and can constrict up to eight enemies at once.


Message History

Magic restored.
You climb downwards.
The orc wizard casts a spell.
The orc wizard flickers and vanishes!
Deactivating autopickup; reactivate with Ctrl-A.
The orc closely misses you. The orc barely misses you.
There is a stone staircase leading up here.
You see here a +0 club.
The blast of sand hits the orc!
You kill the orc!
The blast of sand hits something.
Something barely misses you.
The blast of sand misses the orc wizard.
The orc wizard misses you. Something hits you.
The blast of sand hits the orc wizard!
The orc wizard is almost dead.
The orc wizard casts a spell at you. You resist with some effort.
Something hits you. The orc wizard barely misses you. Something hits you.
The blast of sand misses the orc wizard.
The orc wizard gestures wildly while chanting.
The orc wizard flickers and vanishes!
Something hits you.
You can't see any susceptible monsters within range! (Use Z to cast anyway.)
Casting: Sandblast (safe; 3% risk of failure)
Confirm with . or Enter, or press ? or * to list all spells.
Aiming: Sandblast (safe; 3% risk of failure)
Press: ? - help, Shift-Dir - straight line The blast of sand hits something.
Something hits you. x4
* * * LOW HITPOINT WARNING * * *
Casting: Sandblast (safe; 3% risk of failure)
Confirm with . or Enter, or press ? or * to list all spells.
Aiming: Sandblast (safe; 3% risk of failure)
Press: ? - help, Shift-Dir - straight line You miscast Sandblast.
You are very lightly contaminated with residual magic.
Nothing appears to happen.
Something hits you.
* * * LOW HITPOINT WARNING * * *
You hear some strange, mumbled words.
A puff of flame appears from out of thin air!
The puff of flame hits you.
You die...

# #...........# #.#
#.####.###.#####.###.#
#.#.<.........##.....#
#...#####........##..######
#####.# #...###..##.......o
#.....# #...# #..##.#######
#.###.# #...###..##.# #.#
#.#####..{........# ##.#
#.......@{.....#### #..#
########.)#.#### #.##
#..#.# #.# #..#.. #.#
#..#### #.# #..# #.# #...
#.# #... #.#


There were no monsters in sight!

Vanquished Creatures
  An orc priest (D:3)
  2 dart slugs
  2 orcs (D:3)
  8 endoplasms
  2 giant cockroaches
  3 goblins
  5 hobgoblins
  5 kobolds
  A quokka (D:1)
  2 ball pythons (D:2)
  4 bats
  3 frilled lizards
  2 rats (D:2)
40 creatures vanquished.

Notes
Turn   | Place    | Note
-------+----------+-------------------------------------------
     0 | D:1      | Atelerd the Octopode Earth Elementalist began the quest for
                  | the Orb.
     0 | D:1      | Reached XP level 1. HP: 11/11 MP: 3/3
   262 | D:1      | Reached XP level 2. HP: 17/17 MP: 5/5
   966 | D:2      | Reached XP level 3. HP: 21/21 MP: 4/6
  1963 | D:3      | Reached XP level 4. HP: 19/27 MP: 5/8
  2014 | D:3      | Killed from afar by an orc wizard

Illustrated notes

Levels and vault maps discovered:
D:1:      dpeg_arrival_another_circle, layout_loops_ring, serial_bayou_pond_e
D:2:      layout_basic
D:3:      layout_loops_ring

Skill      XL: |  1  2  3 |
---------------+----------+-----
Transmutations | 2 |  2.4
Dodging        | |  2.0
Stealth        | |  2.6
Spellcasting   | |  2.9
Earth Magic    | |  3.8

Action                     |  1- 3 |  4- 6 || total
---------------------------+-------+-------++-------
  Melee: Short sword       |     4 |       ||     4
         Constrict         |    11 |       ||    11
         Dagger            |    29 |       ||    29
         Tentacles         |     8 |       ||     8
   Cast: Sandblast         |    23 |     8 ||    31
   Stab: Sleeping          |     3 |       ||     3
 Armour: Skin              |     2 |       ||     2
  Dodge: Dodged            |    17 |     8 ||    25

Table legend: (Time is in decaauts)
 A = Elapsed time spent in this place.
 B = Non-inter-level travel time spent in this place.
 C = Inter-level travel time spent in this place.
 D = Time resting spent in this place.
 E = Time spent auto-exploring this place.
 F = Levels seen in this place.
 G = Mean time per level.
                   A        B        C        D        E       F      G
               +--------+--------+--------+--------+--------+-----+--------+
         Total |   2029 |   1959 |     70 |     10 |   1678 |   3 |  676.3 |
       Dungeon |   2029 |   1959 |     70 |     10 |   1678 |   3 |  676.3 |
               +--------+--------+--------+--------+--------+-----+--------+

Top non-repeatable levels by time:
     D:2: 1070 daAuts
     D:1: 740 daAuts
     D:3: 218 daAuts
